| TOP OF THE 1ST |
|
Baltimore Orioles batting - Pitching for Houston Astros : RHP Bill Dillard
|
|
Pitching: RHP Bill Dillard
|
|
|
Batting: SHB Aldo Questi
|
0-0: Ball 1-0: Called Strike 1-1: Ball 2-1: Foul Ball, location: 2F 2-2: Ball 3-2: SINGLE (Groundball, 6MD, EV 104.4 MPH)
|
|
Batting: LHB Jesus Lozano
|
0-0: Ball 1-0: Foul Ball, location: 2F 1-1: Swinging Strike 1-2: Strikes out swinging
|
|
Batting: RHB Rudo Garciaparra
|
0-0: Foul Ball, location: 2F 0-1: Foul Ball, location: 2F 0-2: Foul Ball, location: 2F 0-2: Ball 1-2: Ball 2-2: Foul Ball, location: 2F 2-2: Grounds into double play, 6-4-3 (Groundball, 6, EV 90.0 MPH)
|
| Top of the 1st over - 0 runs, 1 hit, 0 errors, 0 left on base; Baltimore 0 - Houston 0 |
| BOTTOM OF THE 1ST |
|
Houston Astros batting - Pitching for Baltimore Orioles : RHP Paul Schwartz
|
|
Pitching: RHP Paul Schwartz
|
|
|
Batting: RHB Matt Thompson
|
0-0: Bunt missed! 0-1: Ball 1-1: Ball 2-1: Ball 3-1: Called Strike 3-2: Fly out, F9 (Flyball, 9, EV 95.0 MPH)
|
|
Batting: LHB Bryce Hill
|
0-0: Ball 1-0: Called Strike 1-1: DOUBLE (Flyball, 8RXD, EV 93.8 MPH)
|
|
Batting: RHB Chris Lane
|
0-0: Called Strike 0-1: SINGLE (Groundball, 56D, EV 106.2 MPH) Bryce Hill to third
|
|
Batting: RHB Josh Froyd
|
0-0: Called Strike 0-1: Foul Ball, location: 2F 0-2: Ball 1-2: Foul Ball, location: 2F 1-2: SINGLE (Line Drive, 8RS, EV 105.6 MPH) Bryce Hill scores Chris Lane to second
|
|
Batting: SHB Joe Gardner
|
0-0: 3-RUN HOME RUN (Line Drive, 8RXD, EV 112.5 MPH), Distance : 437 ft
|
|
Batting: LHB Zack Berney
|
0-0: Called Strike 0-1: Fly out, F9 (Flyball, 89S, EV 81.2 MPH)
|
|
Batting: RHB Jeremy Trump
|
0-0: Called Strike 0-1: Called Strike 0-2: Ball 1-2: Strikes out swinging
|
| Bottom of the 1st over - 4 runs, 4 hits, 0 errors, 0 left on base; Baltimore 0 - Houston 4 |
| TOP OF THE 2ND |
|
Baltimore Orioles batting - Pitching for Houston Astros : RHP Bill Dillard
|
|
Batting: RHB Marc Peckermark
|
0-0: Called Strike 0-1: Ball 1-1: Foul Ball, location: 2F 1-2: Ball 2-2: Foul Ball, location: 2F 2-2: Ground out 1-3 (Groundball, 13S, EV 68.8 MPH)
|
|
Batting: LHB Gabe Pace
|
0-0: Ball 1-0: Foul Ball, location: 2F 1-1: Swinging Strike 1-2: Ball 2-2: Strikes out swinging
|
|
Batting: RHB Mike Hayward
|
0-0: Swinging Strike 0-1: Foul Ball, location: 2F 0-2: Strikes out looking
|
| Top of the 2nd over - 0 runs, 0 hits, 0 errors, 0 left on base; Baltimore 0 - Houston 4 |
| BOTTOM OF THE 2ND |
|
Houston Astros batting - Pitching for Baltimore Orioles : RHP Paul Schwartz
|
|
Batting: RHB Chang-wei Jiang
|
0-0: Ball 1-0: Ball 2-0: Ball 3-0: Foul Ball, location: 2F 3-1: Foul Ball, location: 2F 3-2: Base on Balls
|
|
Batting: LHB Jim Keefe
|
0-0: Called Strike Pickoff Throw by Catcher to First - Out! 0-1: Ball 1-1: Foul Ball, location: 2F 1-2: Foul Ball, location: 2F 1-2: Fly out, F8 (Flyball, 8LM, EV 88.8 MPH)
|
|
Batting: RHB Matt Thompson
|
0-0: Ground out 6-3 (Groundball, 6MD, EV 86.9 MPH)
|
| Bottom of the 2nd over - 0 runs, 0 hits, 0 errors, 0 left on base; Baltimore 0 - Houston 4 |
| TOP OF THE 3RD |
|
Baltimore Orioles batting - Pitching for Houston Astros : RHP Bill Dillard
|
|
Batting: RHB Jesse Basich
|
0-0: Ball 1-0: Fly out, F8 (Line Drive, 8LD, EV 91.2 MPH)
|
|
Batting: SHB Robert Handy
|
0-0: Foul Ball, location: 2F 0-1: Foul Ball, location: 2F 0-2: Strikes out looking
|
|
Batting: RHB Andres Leon
|
0-0: Called Strike 0-1: Ball 1-1: Ground out 5-3 (Groundball, 56S, EV 81.2 MPH)
|
| Top of the 3rd over - 0 runs, 0 hits, 0 errors, 0 left on base; Baltimore 0 - Houston 4 |
| BOTTOM OF THE 3RD |
|
Houston Astros batting - Pitching for Baltimore Orioles : RHP Paul Schwartz
|
|
Batting: LHB Bryce Hill
|
0-0: SINGLE (Line Drive, 4MD, EV 100.6 MPH)
|
|
Batting: RHB Chris Lane
|
0-0: Called Strike 0-1: Ball 1-1: Ball 2-1: Ball 3-1: Called Strike 3-2: Foul Ball, location: 2F 3-2: Base on Balls Bryce Hill to second
|
|
Batting: RHB Josh Froyd
|
0-0: SINGLE (Line Drive, 8LS, EV 101.2 MPH) Bryce Hill to third Chris Lane to second
|
|
Batting: SHB Joe Gardner
|
0-0: Fly out, F7 (Flyball, 7LM, EV 86.2 MPH)
|
|
Batting: LHB Zack Berney
|
0-0: Swinging Strike 0-1: Ball 1-1: Foul Ball, location: 2F 1-2: Ball 2-2: Strikes out swinging
|
|
Batting: RHB Jeremy Trump
|
0-0: Ball 1-0: Called Strike 1-1: Called Strike 1-2: Ground out 5-3 (Groundball, 15, EV 81.9 MPH)
|
| Bottom of the 3rd over - 0 runs, 2 hits, 0 errors, 3 left on base; Baltimore 0 - Houston 4 |
| TOP OF THE 4TH |
|
Baltimore Orioles batting - Pitching for Houston Astros : RHP Bill Dillard
|
|
Batting: SHB Aldo Questi
|
0-0: Foul Ball, location: 2F 0-1: Called Strike 0-2: Ball 1-2: Foul Ball, location: 2F 1-2: Foul Ball, location: 2F 1-2: Foul Ball, location: 2F 1-2: Ground out 4-3 (Groundball, 34D, EV 85.6 MPH)
|
|
Batting: LHB Jesus Lozano
|
0-0: Ball 1-0: Foul Ball, location: 2F 1-1: Ball 2-1: Ball 3-1: Fly out, F8 (Flyball, 8RD, EV 87.5 MPH)
|
|
Batting: RHB Rudo Garciaparra
|
0-0: Ball 1-0: Ground out 5-3 (Groundball, 56, EV 80.0 MPH)
|
| Top of the 4th over - 0 runs, 0 hits, 0 errors, 0 left on base; Baltimore 0 - Houston 4 |
| BOTTOM OF THE 4TH |
|
Houston Astros batting - Pitching for Baltimore Orioles : RHP Paul Schwartz
|
|
Batting: RHB Chang-wei Jiang
|
0-0: Ground out 4-3 (Groundball, 4, EV 83.8 MPH)
|
|
Batting: LHB Jim Keefe
|
0-0: Ball 1-0: Called Strike 1-1: Foul Ball, location: 2F 1-2: Ball 2-2: SINGLE (Groundball, 56D, EV 100.0 MPH)
|
|
Batting: RHB Matt Thompson
|
0-0: Ball 1-0: Foul Ball, location: 2F 1-1: Ball 2-1: Swinging Strike 2-2: DOUBLE (Line Drive, 89M, EV 105.0 MPH) Jim Keefe to third
|
|
Batting: LHB Bryce Hill
|
0-0: Ground out 6-3 (Groundball, 6, EV 86.2 MPH) Jim Keefe scores Matt Thompson to third
|
|
Batting: RHB Chris Lane
|
0-0: Foul Ball, location: 2F 0-1: Swinging Strike 0-2: Ball 1-2: Foul Ball, location: 2F 1-2: Fly out, F3 (Line Drive, 3, EV 68.8 MPH)
|
| Bottom of the 4th over - 1 run, 2 hits, 0 errors, 1 left on base; Baltimore 0 - Houston 5 |
| TOP OF THE 5TH |
|
Baltimore Orioles batting - Pitching for Houston Astros : RHP Bill Dillard
|
|
Batting: RHB Marc Peckermark
|
0-0: DOUBLE (Line Drive, 9LS, EV 91.2 MPH)
|
|
Batting: LHB Gabe Pace
|
0-0: Called Strike 0-1: Ball 1-1: SINGLE (Line Drive, 4M, EV 94.4 MPH) Marc Peckermark to third Runner from 3rd tries for Home, SAFE, throw by CF to home
|
|
Batting: RHB Mike Hayward
|
0-0: Ball 1-0: Foul Ball, location: 2F 1-1: Ball 2-1: Ball 3-1: Foul Ball, location: 2F 3-2: Foul Ball, location: 2F 3-2: Strikes out looking
|
|
Batting: RHB Jesse Basich
|
0-0: Called Strike 0-1: Called Strike 0-2: Ball 1-2: Strikes out swinging
|
|
Batting: SHB Robert Handy
|
0-0: Ball 1-0: Swinging Strike 1-1: Ball 2-1: Foul Ball, location: 2F 2-2: Ball 3-2: Strikes out swinging
|
| Top of the 5th over - 1 run, 2 hits, 0 errors, 1 left on base; Baltimore 1 - Houston 5 |
| BOTTOM OF THE 5TH |
|
Houston Astros batting - Pitching for Baltimore Orioles : RHP Paul Schwartz
|
|
Batting: RHB Josh Froyd
|
0-0: Ball 1-0: Called Strike 1-1: Swinging Strike 1-2: Ball 2-2: Ball 3-2: Strikes out looking
|
|
Batting: SHB Joe Gardner
|
0-0: Ball 1-0: Ball 2-0: Ball 3-0: Base on Balls
|
|
Pitching: LHP Justin Dine
|
|
|
Batting: LHB Zack Berney
|
0-0: Swinging Strike 0-1: Ball 1-1: Ball 2-1: SINGLE (Flyball, 5D, EV 88.1 MPH) Joe Gardner to second
|
|
Batting: RHB Jeremy Trump
|
0-0: Ball 1-0: Foul Ball, location: 2F 1-1: Swinging Strike 1-2: Grounds into double play, 4-6-3 (Groundball, 4, EV 103.8 MPH)
|
| Bottom of the 5th over - 0 runs, 1 hit, 0 errors, 1 left on base; Baltimore 1 - Houston 5 |
| TOP OF THE 6TH |
|
Baltimore Orioles batting - Pitching for Houston Astros : RHP Bill Dillard
|
|
Batting: RHB Andres Leon
|
0-0: SINGLE (Groundball, 4M, EV 98.1 MPH)
|
|
Batting: SHB Aldo Questi
|
0-0: Called Strike Andres Leon is caught stealing 2nd base 2-6 0-1: Foul Ball, location: 2F 0-2: Ball 1-2: Strikes out swinging
|
|
Batting: LHB Jesus Lozano
|
0-0: Ball 1-0: Ball 2-0: Ground out 6-3 (Groundball, 6, EV 83.1 MPH)
|
| Top of the 6th over - 0 runs, 1 hit, 0 errors, 0 left on base; Baltimore 1 - Houston 5 |
| BOTTOM OF THE 6TH |
|
Houston Astros batting - Pitching for Baltimore Orioles : LHP Justin Dine
|
|
Batting: RHB Chang-wei Jiang
|
0-0: Ball 1-0: Foul Ball, location: 2F 1-1: Swinging Strike 1-2: Foul Ball, location: 2F 1-2: Ball 2-2: Ball 3-2: Foul Ball, location: 2F 3-2: Foul Ball, location: 2F 3-2: Foul Ball, location: 2F 3-2: Ground out 3-1 (Groundball, 34, EV 89.4 MPH)
|
|
Batting: LHB Jim Keefe
|
0-0: Ball 1-0: Foul Ball, location: 2F 1-1: Ball 2-1: Foul Ball, location: 2F 2-2: Foul Ball, location: 2F 2-2: Ball 3-2: Base on Balls
|
|
Batting: RHB Matt Thompson
|
0-0: Called Strike 0-1: Called Strike 0-2: Foul Ball, location: 2F 0-2: Grounds into double play, 5-4-3 (Groundball, 56, EV 104.4 MPH)
|
| Bottom of the 6th over - 0 runs, 0 hits, 0 errors, 0 left on base; Baltimore 1 - Houston 5 |
| TOP OF THE 7TH |
|
Baltimore Orioles batting - Pitching for Houston Astros : RHP Bill Dillard
|
|
Batting: RHB Rudo Garciaparra
|
0-0: Foul Ball, location: 2F 0-1: Ball 1-1: Fly out, F2 (Popup, 25F, EV 68.1 MPH)
|
|
Batting: RHB Marc Peckermark
|
0-0: Ball 1-0: Fly out, F8 (Flyball, 8RXD, EV 111.2 MPH)
|
|
Batting: LHB Gabe Pace
|
0-0: Ball 1-0: Ball 2-0: Foul Ball, location: 2F 2-1: Ball 3-1: Foul Ball, location: 2F 3-2: Strikes out swinging
|
| Top of the 7th over - 0 runs, 0 hits, 0 errors, 0 left on base; Baltimore 1 - Houston 5 |
| BOTTOM OF THE 7TH |
|
Houston Astros batting - Pitching for Baltimore Orioles : LHP Justin Dine
|
|
Pitching: RHP Chris Dauphin
|
|
|
Batting: LHB Bryce Hill
|
0-0: Swinging Strike 0-1: Ball 1-1: Called Strike 1-2: Ball 2-2: Ball 3-2: Base on Balls
|
|
Batting: RHB Chris Lane
|
0-0: Swinging Strike 0-1: Ball Wild Pitch! Bryce Hill to second 1-1: Called Strike 1-2: Strikes out swinging
|
|
Batting: RHB Josh Froyd
|
0-0: Ground out 4-3 (Groundball, 4, EV 91.9 MPH) Bryce Hill to third
|
|
Batting: SHB Joe Gardner
|
0-0: Ball 1-0: Ball 2-0: Ground out 5-3 (Groundball, 56S, EV 91.9 MPH)
|
| Bottom of the 7th over - 0 runs, 0 hits, 0 errors, 1 left on base; Baltimore 1 - Houston 5 |
| TOP OF THE 8TH |
|
Baltimore Orioles batting - Pitching for Houston Astros : RHP Bill Dillard
|
|
Batting: RHB Mike Hayward
|
0-0: Fly out, F4 (Popup, 4M, EV 71.9 MPH)
|
|
Batting: RHB Jesse Basich
|
0-0: Ball 1-0: Ground out 6-3 (Groundball, 6, EV 98.1 MPH)
|
|
Batting: SHB Robert Handy
|
0-0: Foul Ball, location: 2F 0-1: Foul Ball, location: 2F 0-2: Ball 1-2: Ball 2-2: Ground out 6-3 (Groundball, 4M, EV 90.6 MPH)
|
| Top of the 8th over - 0 runs, 0 hits, 0 errors, 0 left on base; Baltimore 1 - Houston 5 |
| BOTTOM OF THE 8TH |
|
Houston Astros batting - Pitching for Baltimore Orioles : RHP Chris Dauphin
|
|
Pitching: LHP Jamie Tanner
|
|
|
Batting: LHB Zack Berney
|
0-0: Called Strike 0-1: Fly out, F8 (Flyball, 8LM, EV 85.0 MPH)
|
|
Batting: RHB Jeremy Trump
|
0-0: Called Strike 0-1: Fly out, F8 (Flyball, 89M, EV 73.1 MPH)
|
|
Batting: RHB Chang-wei Jiang
|
0-0: Ball 1-0: Swinging Strike 1-1: Called Strike 1-2: Foul Ball, location: 2F 1-2: Ball 2-2: Fly out, F9 (Line Drive, 9, EV 95.0 MPH)
|
| Bottom of the 8th over - 0 runs, 0 hits, 0 errors, 0 left on base; Baltimore 1 - Houston 5 |
| TOP OF THE 9TH |
|
Baltimore Orioles batting - Pitching for Houston Astros : RHP Bill Dillard
|
|
Batting: RHB Andres Leon
|
0-0: SINGLE (Groundball, 56, EV 90.0 MPH) (infield hit)
|
|
Batting: SHB Aldo Questi
|
0-0: Called Strike 0-1: Swinging Strike 0-2: Ball 1-2: Ball 2-2: Ball 3-2: Ground out 6-3 (Groundball, 6M, EV 108.8 MPH) Andres Leon to second
|
|
Pitching: LHP Curt Joseph
|
|
|
Pinch Hitting: SHB Jason Hayes
|
0-0: Foul Ball, location: 2F 0-1: Ball 1-1: Called Strike 1-2: Foul Ball, location: 2F 1-2: Strikes out looking
|
|
Batting: RHB Rudo Garciaparra
|
0-0: Ball 1-0: Ball 2-0: Ground out 5-3 (Groundball, 5, EV 88.1 MPH)
|
| Top of the 9th over - 0 runs, 1 hit, 0 errors, 1 left on base; Baltimore 1 - Houston 5 |
|